 Dungeon Crawl Stone Soup version 0.27-a0-1287-gca74d27db6 (webtiles) character file.

Game seed: 7181383171617205827

7 Zonian the Conjurer (level 2, 19/19 HPs)
             Began as a Human Conjurer on June 14, 2021.
             Was a Follower of Sif Muna.
             Quit the game on level 1 of the Dungeon.
             The game lasted 00:01:19 (476 turns).

Zonian the Conjurer (Human Conjurer)                 Turns: 476, Time: 00:01:20

Health: 19/19      AC:  2    Str:  7    XL:     2   Next: 5%
Magic:  5/5        EV: 12    Int: 18    God:    Sif Muna [*.....]
Gold:   0          SH:  0    Dex: 11    Spells: 4/5 levels left

rFire    . . .     SeeInvis .   (no weapon)
rCold    . . .     Faith    .   (no shield)
rNeg     . . .     Spirit   .   a - +0 robe
rPois    .         Reflect  .   (no helmet)
rElec    .         Harm     .   (no cloak)
rCorr    +         Rampage  .   (no gloves)
Will     .....                  (no boots)
Stlth    ++........             (no amulet)
HPRegen  0.06/turn              c - ring of resist corrosion
MPRegen  0.09/turn              (no ring)

@: no status effects
A: no striking features
a: Renounce Religion, Channel Magic


You were on level 1 of the Dungeon.
You worshipped Sif Muna.
Sif Muna was aware of your devotion.
You visited 1 branch of the dungeon, and saw 1 of its levels.

Inventory:

Hand Weapons
 b - a +0 dagger
Missiles
 e - 2 javelins
Armour
 a - a +0 robe (worn)
Jewellery
 c - a ring of resist corrosion (left hand)
Potions
 d - a potion of brilliance {unknown}


   Skills:
 + Level 2.0 Dodging
 + Level 2.1 Stealth
 + Level 2.0 Spellcasting
 + Level 4.2 Conjurations


You had 4 spell levels left.
You knew the following spells:

 Your Spells              Type           Power      Damage    Failure   Level
a - Magic Dart            Conj           68%        1d6       3%          1

Your spell library contained the following spells:

 Spells                   Type           Power      Damage    Failure   Level
 Searing Ray              Conj           34%        3d4       4%          2
 Dazzling Flash           Conj/Hex       18%        N/A       22%         3
 Confusing Touch          Hex            1%         N/A       47%         3
 Gell's Gravitas          Tloc           0%         N/A       47%         3
 Fulminant Prism          Conj/Hex       4%         3d6       58%         4
 Iskenderun's Mystic Bla  Conj/Tloc      9%         2d4       58%         4
 Petrify                  Tmut/Erth      1%         N/A       87%         4
 Metabolic Englaciation   Hex/Ice        0%         N/A       99%         5
 Yara's Violent Unravell  Hex/Tmut       0%         3d3       99%         5


Dungeon Overview and Level Annotations

Branches:
Dungeon (1/15)

Altars:
Sif Muna


Message History

A bat is nearby!
Unknown command.
The magic dart hits the bat but does no damage.
The magic dart hits the bat.
The bat is severely wounded.
The magic dart hits the bat.
You kill the bat!
You have reached level 2!
Found 2 javelins.
You open the door.
There is an open door here.
d - an emerald potion Unknown command.
There is an open door here.
You see here 2 javelins.
e - 2 javelins Unknown command.
Found a stone staircase leading down.
Found 23 arrows.
Found a faded altar of an unknown god.
Unknown command.
Found a papyrus book.
Really attack while wielding nothing?
You hit the fungus but do no damage.
There is a faded altar of an unknown god here.
There is a faded altar of an unknown god here.
You pick up a book of Misfortune and begin reading...
You add the spells Confusing Touch, Gell's Gravitas, Petrify, Metabolic Englaciation and Yara's Violent Unravelling to your library.
Unknown command.
You see here 23 arrows.
You hit the fungus but do no damage.
There is a faded altar of an unknown god here.
You cannot tell which god this altar belongs to.
Convert to them anyway?
Sif Muna accepts your prayer! Sif Muna welcomes you!
You can now call upon Sif Muna for magical energy.
Unknown command.
Press < or > to pray at altars.
Unknown command.
Press < or > to pray at altars.
Are you sure you want to abandon this character and quit the game? (Confirm with "yes".)

#.##.P.##.
#....P..#
###....P..###
#.#PP....P#.#
#.P.P....P#
#......P..#
#......P..#
#...PP.P..#####
#####@######..
#P...P..P.##.##
###
#P.P..PP.P#>..#...
#.PP.PP...#...#.#
#PP...P(..##....#
#.#....P..#....###
#.#..PP...###.## .
#PP.P...#...###
$...##P..##.##...#


There were no monsters in sight!

Vanquished Creatures
  A dart slug (D:1)
  2 bats (D:1)
  2 goblins (D:1)
5 creatures vanquished.

Vanquished Creatures (others)
  A fungus (D:1)
  A plant (D:1)
2 creatures vanquished.

Grand Total: 7 creatures vanquished

Notes
Turn   | Place    | Note
-------+----------+-------------------------------------------
     0 | D:1      | Zonian the Human Conjurer began the quest for the Orb.
     0 | D:1      | Reached XP level 1. HP: 13/13 MP: 3/3
   338 | D:1      | Reached XP level 2. HP: 19/19 MP: 0/5
   429 | D:1      | Found a faded altar of an unknown god.
   475 | D:1      | Became a worshipper of Sif Muna the Loreminder
   475 | D:1      | Reached * piety under Sif Muna
   476 | D:1      | Quit the game

Illustrated notes

Levels and vault maps discovered:
D:1:      nagdon_arrival_zigzag_paths, layout_basic,
          shapermc_ecumenical_altar_gd, minmay_octomino_c4

Action                   || total
-------------------------++-------
Melee: Unarmed           ||    15
 Cast: Magic Dart        ||     9
Armor: Robe              ||     3
Dodge: Dodged            ||    12

Table legend: (Time is in decaauts)
 A = Elapsed time spent in this place.
 B = Non-inter-level travel time spent in this place.
 C = Inter-level travel time spent in this place.
 D = Time resting spent in this place.
 E = Time spent auto-exploring this place.
 F = Levels seen in this place.
 G = Mean time per level.
                   A        B        C        D        E       F      G
               +--------+--------+--------+--------+--------+-----+--------+
         Total |    475 |    475 |      0 |     11 |    356 |   1 |  475.0 |
       Dungeon |    475 |    475 |      0 |     11 |    356 |   1 |  475.0 |
               +--------+--------+--------+--------+--------+-----+--------+

Top non-repeatable levels by time:
     D:1: 475 daAuts
